 Dungeon Crawl Stone Soup version 0.17.0-56-gd8de76c (webtiles) character file.

273 ketsa the Chopper (level 6, -11/47 HPs)
             Began as a Human Berserker on Dec 6, 2015.
             Was a Priest of Trog.
             Mangled by an ogre
             ... wielding a +0 giant club
              (14 damage)
             ... on level 4 of the Dungeon.
             The game lasted 00:10:37 (5085 turns).

ketsa the Chopper (Human Berserker)                 Turns: 5085, Time: 00:10:38

Health: -11/47     AC:  8    Str: 20    XL:     6   Next: 48%
Magic:  6/6        EV: 12    Int:  7    God:    Trog [***...]
Gold:   191        SH:  0    Dex: 12    Spells: 0 memorised, 5 levels left

rFire  . . .     SeeInvis .     a - +0 hand axe
rCold  . . .     Clarity  .     m - +0 ring mail
rNeg   . . .     SustAt   .     (no shield)
rPois  .         Gourm    .     (no helmet)
rElec  .         Spirit   .     y - +0 cloak
rCorr  .         Warding  .     (no gloves)
rMut   .         Stasis   .     (no boots)
MR     .....                    (no amulet)
Stlth  +.........               (no ring)
                                o - +2 ring of protection

@: about to teleport, not resistant to hostile enchantments, very unstealthy
A: no striking features
a: Berserk, Trog's Hand, Burn Spellbooks, Renounce Religion


You were on level 4 of the Dungeon.
You worshipped Trog.
Trog was most pleased with you.
You were very hungry.

You visited 1 branch of the dungeon, and saw 4 of its levels.

You collected 191 gold pieces.

Inventory:

Hand Weapons
 a - a +0 hand axe (weapon)
 r - a +0 hunting sling of flaming
Missiles
 l - 68 stones (quivered)
Armour
 b - a +0 animal skin
 d - a +0 leather armour
 k - a +0 scale mail
 m - a +0 ring mail (worn)
 q - a +0 large shield of poison resistance
 y - a +0 cloak (worn)
Jewellery
 o - a +2 ring of protection (left hand)
 t - an uncursed ring of invisibility
Scrolls
 e - a scroll of remove curse {unknown}
 f - 3 scrolls of random uselessness {unknown}
 g - 2 scrolls of magic mapping {unknown}
 h - 3 scrolls of teleportation
 p - 5 scrolls of identify {unknown}
 s - 3 scrolls of fog {unknown}
 w - 2 scrolls of noise {unknown}
Potions
 i - a potion of cure mutation {unknown}
 j - a potion of haste
 n - a potion of might {unknown}
 v - 2 potions of curing {unknown}
 z - 2 potions of heal wounds {unknown}
 A - a potion of brilliance {unknown}
 B - a potion of lignification {unknown}
Comestibles
 c - 2 bread rations
 u - 3 fruits
 x - a beef jerky


   Skills:
 - Level 3.0 Fighting
 * Level 5.1 Axes
 + Level 3.6 Armour
 + Level 3.5 Dodging


You had 5 spell levels left.
You didn't know any spells.

Dungeon Overview and Level Annotations

Branches:
Dungeon (4/15)
 Temple: D:4-7

Altars:
Fedhas


Message History

You hit the ogre.
The ogre is lightly wounded.
The ogre hits you with a giant club!
You hit the ogre.
The ogre is moderately wounded.
You closely miss the ogre.
The ogre is moderately wounded.
The ogre hits you with a giant club!!
* * * LOW HITPOINT WARNING * * *
You're too hungry to go berserk.
You completely miss the ogre.
The ogre is moderately wounded.
The ogre barely misses you.
Read which item? (? for menu, Esc to quit)
Okay, then.
Read which item? (? for menu, Esc to quit)
As you read the scroll labeled OWENUB OM INEN, it crumbles to dust.
You feel strangely unstable.
It was a scroll of teleportation.
The ogre hits you with a giant club!
You die...

################
#....@OZ.....>.#
#########..######....#.#
#..........#
####.#.######
#.#######.## #.........
#.# ##...##### #.#
#(........ ######.#
##...##### #......#
##.#.... #.###### ##.###


You could see an ogre and an adder skeleton.

Vanquished Creatures
  A crimson imp (D:4)
  A hound (D:4)
  Crazy Yiuf (D:4)
  A giant frog skeleton (D:3)
  Robin (D:3)
  2 adders
  2 river rats (D:3)
  2 oozes
  A worm (D:2)
  2 giant geckos
  An orc (D:4)
  2 ball pythons
  6 bats
  7 giant cockroaches
  12 goblins
  13 hobgoblins
  6 jackals
  3 quokkas
  A giant gecko skeleton (D:4)
  6 giant newts
  9 kobolds
  8 rats
88 creatures vanquished.

Notes
Turn   | Place    | Note
--------------------------------------------------------------
     0 | D:1      | ketsa the Human Berserker began the quest for the Orb.
     0 | D:1      | Reached XP level 1. HP: 18/18 MP: 1/1
   272 | D:1      | Reached XP level 2. HP: 24/24 MP: 2/2
   502 | D:1      | Reached XP level 3. HP: 13/29 MP: 3/3
  1054 | D:2      | Found a faded altar to an unknown god.
  1149 | D:2      | Reached ** piety under Trog
  1985 | D:2      | Reached XP level 4. HP: 31/35 MP: 4/4
  2107 | D:2      | Reached skill level 4 in Axes
  2470 | D:3      | Found a blossoming altar of Fedhas.
  2513 | D:3      | Noticed Robin
  2538 | D:3      | Killed Robin
  2547 | D:3      | Noticed an ice beast
  2809 | D:3      | Reached XP level 5. HP: 7/41 MP: 5/5
  3149 | D:3      | Reached *** piety under Trog
  4284 | D:4      | Noticed Crazy Yiuf
  4289 | D:4      | Killed Crazy Yiuf
  4289 | D:4      | Reached XP level 6. HP: 47/47 MP: 6/6
  4355 | D:4      | Noticed a phantom
  4687 | D:4      | Reached skill level 5 in Axes
  5066 | D:4      | Noticed an ogre
  5085 | D:4      | Mangled by an ogre

Action                   |  1- 3 |  4- 6 || total
-------------------------+-------+-------++-------
Melee: Hand axe          |   126 |   270 ||   396
Throw: Stone             |     1 |       ||     1
Invok: Berserk           |       |     3 ||     3
  Use: Potion            |       |     1 ||     1
       Scroll            |       |     1 ||     1
  Eat: Chunk             |     3 |     8 ||    11
       Meat ration       |       |     1 ||     1
